Map: Dusk Towers

Players

KiLLaZz

  • Race: Zerg Zerg
  • League: Diamond

MorN - Winner!

  • Race: Terran Terran
  • League: Diamond

VOD

Have the link to the VOD?

Description

Time

  • Played on: Nov. 17, 2015, 6:40 p.m.
  • Length: 12:30
Show
View Real Time Build Order
Export as new Build Order

KiLLaZz Zerg 

Build Orders: Hatch First 

Get SALT Encoding   

  12  0:01  Drone  
  13  0:13  Overlord  
  13  0:19  Drone  
  14  0:31  Drone  
  14  0:32  Drone  
  16  0:36  Drone  
  17  0:52  Hatchery  
  17  0:55  Drone  
  17  1:00  Drone, Extractor  
  17  1:13  Spawning Pool  
  17  1:16  Drone  
  17  1:20  Drone  
  18  1:29  Drone  
  20  1:40  Drone  
  20  1:57  Drone  
  21  2:01  Overlord  
  21  2:03  Queen  
  21  2:05  Queen  
  21  2:08  Zergling x2  
  26  2:11  Zergling x2  
  27  2:19  Drone  
  27  2:20  Metabolic Boost  
  28  2:35  Drone x2  
  28  2:36  Overlord  
  30  2:45  Queen  
  30  2:46  Queen  
  30  2:47  Drone x2  
  36  2:59  Drone x3  
  36  3:05  Overlord  
  39  3:18  Drone x4  
  39  3:19  Drone  
  44  3:21  Overlord  
  44  3:38  Drone x3  
  44  3:41  Extractor x2  
  46  3:44  Evolution Chamber, Lair  
  46  3:45  Evolution Chamber  
  46  3:47  Drone x5  
  46  3:48  Drone  
  49  3:50  Drone x3  
  52  4:07  Drone x3  
  54  4:14  Zergling x4  
  54  4:16  Roach Warren  
  54  4:28  Zerg Missile Weapons Level 1  
  54  4:29  Extractor  
  54  4:31  Zergling x10  
  54  4:32  Zergling x2  
  59  4:45  Zerg Ground Armor Level 1  
  59  4:47  Overlord x2  
  59  4:49  Overlord  
  59  5:01  Glial Reconstitution  
  55  5:09  Hatchery  
  55  5:10  Roach  
  55  5:11  Roach x4  
  60  5:16  Roach x2  
  64  5:23  Spore Crawler  
  64  5:24  Drone  
  64  5:25  Drone  
  64  5:27  Overlord x2  
  64  5:49  Ravager x3  
  64  5:51  Ravager  
  65  6:08  Drone  
  65  6:09  Drone x3  
  65  6:10  Drone x2  
  66  6:27  Roach x2  
  66  6:28  Roach x6  
  66  6:31  Drone x5  
  66  6:32  Drone  
  83  6:46  Zerg Missile Weapons Level 2  
  83  6:48  Drone x5  
  83  6:49  Queen  
  90  7:00  Drone x4  
  85  7:24  Roach  
  85  7:25  Roach x8  
  98  7:34  Drone  
  98  7:35  Drone x4  
  103  7:38  Zerg Ground Armor Level 2  
  103  7:43  Infestation Pit  
  100  7:51  Overseer  
  100  7:52  Pneumatized Carapace  
  98  8:00  Drone  
  98  8:01  Drone x7  
  98  8:03  Extractor x2  
  104  8:12  Roach  
  106  8:19  Roach  
  106  8:20  Overlord x3  
  106  8:30  Hive  
  106  8:40  Roach  
  124  8:41  Roach x11  
  124  8:45  Overlord x2  
  124  8:47  Overlord x2  
  130  9:03  Ravager  
  130  9:04  Ravager x5  
  136  9:21  Zergling x2  
  133  9:30  Zergling x2  
  133  9:31  Zergling x26  
  144  9:38  Roach  
  144  9:39  Roach x4  
  149  9:56  Roach x3  
  152  10:15  Hatchery, Overlord x4  
  133  10:31  Zergling x2  
  133  10:32  Zergling x2  
  133  10:33  Zergling x20  
  145  10:35  Adrenal Glands  
  145  10:45  Spore Crawler  
  145  10:48  Roach  
  145  10:49  Roach x5  
  139  11:05  Roach  
  139  11:06  Roach x3  
  113  11:18  Roach  
  113  11:19  Roach x6  
  114  11:34  Zergling x12  
  120  11:46  Zergling x2  
  117  11:47  Zergling x10  
  112  11:58  Zergling x12  
  112  11:59  Zergling x6  
  108  12:06  Roach  
  108  12:07  Roach x3  
Show
View Real Time Build Order
Export as new Build Order

MorN Terran - Winner!

Build Orders: Liberator Opening, Reaper Expand, Bio Mine 

Get SALT Encoding   

  12  0:00  SCV  
  13  0:12  SCV  
  14  0:17  Supply Depot  
  14  0:24  SCV  
  15  0:38  SCV  
  15  0:40  Barracks  
  16  0:45  Refinery  
  16  0:51  SCV  
  17  1:03  SCV  
  18  1:15  SCV  
  19  1:28  Orbital Command  
  19  1:29  Reaper  
  20  1:41  Command Center  
  20  1:50  Supply Depot  
  20  1:55  SCV  
  21  2:01  Reaper  
  21  2:07  SCV  
  23  2:20  SCV  
  24  2:23  Factory  
  24  2:36  Command Center  
  24  2:38  SCV  
  24  2:44  Barracks Reactor  
  25  2:51  SCV  
  25  2:53  Refinery  
  26  3:00  Orbital Command  
  26  3:03  SCV  
  27  3:15  SCV  
  27  3:19  Starport  
  28  3:25  Hellion x2  
  28  3:26  SCV  
  33  3:27  SCV  
  34  3:36  Barracks Tech Lab  
  34  3:39  SCV  
  34  3:40  SCV  
  36  3:47  Hellion  
  36  3:48  Liberator  
  39  3:50  Orbital Command  
  39  3:51  SCV  
  39  3:52  SCV  
  40  4:03  SCV  
  40  4:04  SCV  
  40  4:07  Marine  
  46  4:15  SCV, Hellion x2  
  46  4:16  SCV  
  52  4:18  SCV  
  52  4:21  Stimpack  
  53  4:27  SCV  
  53  4:28  SCV  
  53  4:30  SCV  
  56  4:37  Supply Depot  
  56  4:39  SCV  
  56  4:41  Liberator  
  56  4:42  Marauder  
  59  4:49  SCV, Factory Reactor  
  59  4:51  Refinery x2, Barracks  
  60  4:52  Barracks  
  60  4:55  SCV  
  60  4:56  Supply Depot  
  60  4:58  SCV  
  65  5:01  SCV  
  65  5:05  Engineering Bay  
  63  5:17  Engineering Bay  
  63  5:18  SCV x2  
  65  5:29  SCV  
  65  5:30  SCV  
  65  5:32  Supply Depot  
  65  5:34  Factory Reactor  
  67  5:41  SCV  
  69  5:43  Starport Reactor  
  69  5:44  Marine x3  
  69  5:45  Terran Infantry Weapons Level 1  
  69  5:46  Terran Infantry Armor Level 1  
  69  5:47  SCV  
  73  5:53  Supply Depot, Orbital Command  
  73  5:54  Marine x2  
  73  5:55  Supply Depot  
  74  5:57  Supply Depot  
  74  6:02  Marauder, Marine  
  77  6:05  Marine  
  77  6:08  SCV  
  77  6:09  SCV  
  77  6:10  Barracks x2  
  80  6:19  Marine  
  80  6:20  Marine x2  
  80  6:21  Medivac x2  
  80  6:23  Marine x2  
  86  6:26  Widow Mine x2  
  86  6:31  Supply Depot, SCV x2  
  86  6:32  SCV  
  93  6:37  Supply Depot x2  
  93  6:39  Marine x2  
  92  6:43  SCV x2, Combat Shields  
  92  6:44  Marine x2  
  92  6:45  Marauder  
  98  6:52  SCV  
  98  6:53  Armory  
  99  6:54  Refinery  
  99  6:56  Medivac x2  
  99  6:57  Refinery  
  99  6:58  SCV  
  99  7:00  Supply Depot  
  99  7:01  Marine x2  
  106  7:05  Marine x2  
  106  7:07  Barracks Reactor x2  
  108  7:11  Marine  
  109  7:18  Marine  
  95  7:30  Marauder  
  95  7:31  Marine x2  
  95  7:35  Widow Mine x2, Medivac x2  
  95  7:36  SCV  
  106  7:38  Supply Depot  
  106  7:39  Supply Depot  
  106  7:44  Terran Infantry Weapons Level 2, Terran Infantry Armor Level 2  
  106  7:47  Marine  
  104  7:51  Marine x2, Marauder  
  104  7:52  Marine x2  
  106  8:02  Barracks  
  106  8:03  Barracks, Marine x2  
  106  8:04  Barracks  
  106  8:05  Factory  
  108  8:06  Marine x2  
  108  8:09  Marine x3  
  113  8:12  Marauder  
  113  8:13  Concussive Shells  
  113  8:14  Medivac  
  113  8:21  Marine x2  
  115  8:34  Marine x2, Marauder  
  117  8:37  Marine x3  
  117  8:39  Terran Vehicle Weapons Level 1  
  117  8:41  Supply Depot, Widow Mine x2  
  122  8:43  Marine x2  
  122  8:46  Marine  
  129  8:49  Supply Depot  
  129  8:52  Barracks Reactor, Barracks Tech Lab x2, Marine x2  
  129  8:53  SCV  
  129  8:54  Factory Tech Lab  
  129  8:55  Marauder  
  134  9:01  Marine x2  
  136  9:04  Marine x2  
  137  9:17  Marauder  
  134  9:21  Marine x2  
  134  9:22  Marauder  
  134  9:23  Marine  
  138  9:25  Marine x2  
  138  9:26  Marine x2, Marauder  
  139  9:38  Marauder  
  139  9:43  Marauder  
  139  9:44  Widow Mine x2, Marine x3  
  145  9:47  Marine x2, Marauder  
  145  9:50  Medivac x2  
  145  9:51  Supply Depot x2, Drilling Claws  
  145  9:52  SCV, Siege Tank  
  157  9:53  SCV  
  157  9:54  Command Center  
  157  9:55  Supply Depot  
  157  9:59  Marauder  
  153  10:05  SCV, Marauder  
  156  10:07  Marine x3  
  156  10:08  Marauder  
  156  10:11  Supply Depot  
  161  10:15  Marine x2  
  161  10:16  Widow Mine  
  161  10:18  Supply Depot  
  161  10:20  Medivac  
  161  10:21  Marauder  
  169  10:24  Siege Tank  
  169  10:26  Marauder  
  169  10:27  Marine x2  
  168  10:29  Marine  
  168  10:30  Marauder, Marine  
  168  10:35  Marine x4  
  175  10:40  Marine x2  
  175  10:42  Marauder  
  180  10:45  Supply Depot  
  180  10:46  Marine  
  180  10:47  Marauder, Marine x2  
  180  10:48  Widow Mine  
  187  10:51  Marauder  
  187  10:52  Marine x2  
  187  10:54  Widow Mine  
  187  10:56  Siege Tank  
  196  11:00  Marine x2  
  196  11:03  Marauder  
  187  11:05  Marine x2  
  187  11:07  Marine  
  187  11:09  Marauder, Marine x2  
  182  11:13  Marine x2, Marauder  
  182  11:14  Marine  
  182  11:16  Widow Mine  
  182  11:17  Marine  
  182  11:19  Marine  
  182  11:25  Marauder  
  171  11:28  Marine x3  
  171  11:29  Marine x2  
  171  11:30  Marauder  
  170  11:34  Marauder  
  170  11:36  Marine  
  170  11:37  Marine  
  170  11:39  Marine  
  174  11:44  Marine  
  174  11:45  Marine  
  174  11:46  Sensor Tower, Marauder  
  176  11:48  Marine x3  
  175  11:56  Marine x2  
  175  11:57  Marauder  
  175  11:59  Marine x2  
  175  12:00  Marine x2  
  170  12:05  Marine x2  
  166  12:10  Marine  
  166  12:11  Marine  
Tags
 
Add a new tag
Caveats
  • Supply blocks, unpowered buildings, or Contaminate may cause inaccurate times.
  • Supply counts are checked every 10 seconds.